 Dungeon Crawl Stone Soup version 0.28.0 (webtiles) character file.

Game seed: 7563156752949143877

11463 dolemite99 the Cleaver (level 11, -1/126 HPs)
             Began as a Demonspawn Berserker on Feb 7, 2022.
             Was a Believer of Trog.
             Slain by a culicivora (12 damage)
             ... on level 2 of the Lair of Beasts.
             The game lasted 00:16:09 (13611 turns).

dolemite99 the Cleaver (Demonspawn Berserker)      Turns: 13611, Time: 00:16:10

Health: -1/126     AC: 22    Str: 19    XL:     11   Next: 49%
Magic:  0/11       EV:  9    Int:  9    God:    Trog [**....]
Gold:   335        SH:  0    Dex: 21    Spells: 10/10 levels left

rFire   + . .      SeeInvis .   a - +0 war axe
rCold   + . .      Faith    .   (no shield)
rNeg    . . .      Spirit   +   u - +2 chain mail
rPois   .          Reflect  .   (no helmet)
rElec   .          Harm     .   H - +2 cloak
rCorr   +          Rampage  .   h - +0 pair of gloves of Abstinence {rCorr Slay+2}
Will    ++...                   F - +0 pair of boots
Stlth   ..........              (no amulet)
HPRegen 1.31/turn               k - +6 ring of dexterity
MPRegen 0.24/turn               g - ring of protection from cold

@: berserking, strong-willed, regenerating, very quick
A: molten scales 3, magic shield, magic regeneration, magic link, weakness
stinger 1
a: Renounce Religion, Berserk, Trog's Hand


You were on level 2 of the Lair of Beasts.
You worshipped Trog.
Trog was pleased with you.
You visited 2 branches of the dungeon, and saw 12 of its levels.

You collected 443 gold pieces.
You spent 108 gold pieces at shops.

Inventory:

Hand Weapons
 a - a +0 war axe (weapon)
 b - the +7 fustibalus "Fosez" {freeze, Str+4}
   (You found it on level 9 of the Dungeon)

   Any ammunition fired from it freezes those it strikes, dealing additional
   cold damage.
   It can also slow down cold-blooded creatures.
   Str:       It affects your strength (+4).
 c - a +2 morningstar of holy wrath
 p - a +0 hunting sling
 r - a +0 battleaxe
 B - a +0 hand axe
 E - a +2 whip of flaming
 I - a +0 hunting sling
 J - a +0 shortbow
 K - the +7 staff of the Meek {protect, meekguard}
   (You found it on level 9 of the Dungeon)

   It grants its wielder temporary protection when it strikes (+7 to AC).
   It provides extra protection to wielders with little health.
Missiles
 d - 357 stones
 i - 81 arrows
 l - 8 boomerangs
 m - 59 sling bullets
 o - 93 bolts
 A - 5 poisoned darts (quivered)
Armour
 h - the +0 pair of gloves of Abstinence (worn) {rCorr Slay+2}
   (You found it on level 2 of the Dungeon)

   Slay:      It affects your accuracy & damage with ranged weapons and melee
   (+2).
   rCorr:     It protects you from acid and corrosion.
 u - a +2 chain mail (worn)
 z - a +1 scale mail of cold resistance
 F - a +0 pair of boots (worn)
 H - a +2 cloak (worn)
Jewellery
 f - a ring of wizardry
 g - a ring of protection from cold (right hand)
 k - a +6 ring of dexterity (left hand)
 v - a +6 ring of intelligence
 y - a ring of protection from cold
Wands
 q - a wand of flame (27)
 x - a wand of paralysis (11)
Scrolls
 j - 4 scrolls of teleportation
 w - 7 scrolls of identify {@r1}
 L - a scroll of enchant weapon
Potions
 e - 2 potions of brilliance
 n - 3 potions of curing
 s - 2 potions of mutation
 C - a potion of lignification
 G - a potion of attraction
 M - a potion of flight {unknown}
Miscellaneous
 t - a tin of tremorstones (inert)
 N - a lightning rod (4/4)


   Skills:
 + Level 7.2 Fighting
 - Level 12.1 Axes
 - Level 7.6 Slings
 - Level 7.0 Armour
 - Level 2.8 Dodging


You had 10 spell levels left.
You didn't know any spells.
Your spell library was empty.

Dungeon Overview and Level Annotations

Branches:
Dungeon (10/15)            Temple (0/1) D:7            Lair (2/6) D:9
  Swamp: Lair:2-4    Shoals: Lair:2-4     Snake: Lair:2-4    Spider: Lair:2-4
    Orc: D:9-12

Altars:
Cheibriados
Elyvilon
Hepliaklqana
Makhleb
Ru
Sif Muna
Trog
Vehumet
Wu Jian
Xom
Yredelemnul
Beogh

Shops:
D:4 *   D:5 (=   D:7 :   D:10 (

Annotations:
D:9 2 runed translucent doors


Innate Abilities, Weirdness & Mutations

You are completely covered in molten scales. (AC +4, rF+)
When hurt, damage is shared between your health and your magic reserves.
You regenerate magic rapidly.
When low on magic, you restore magic in place of health.
You have a small tail.


Message History

The culicivora is moderately wounded.
The culicivora bites you but does no damage.
You closely miss the culicivora.
The culicivora is moderately wounded.
The culicivora bites you but does no damage.
The tremorstone explodes into fragments!
You hear a shout!
You hear an angry hiss.
The culicivora bites you.
The culicivora draws strength from your injuries!
The culicivora bites you!
* * * LOW HITPOINT WARNING * * *
The culicivora draws strength from your injuries!
The tremorstone explodes into fragments!
The burst of rock shards engulfs the culicivora!!
The tin is emptied!
You hear an angry hiss.
You hear a loud, deep croak!
The culicivora bites you!
* * * LOW HITPOINT WARNING * * *
The culicivora draws strength from your injuries!
A red film seems to cover your vision as you go berserk!
You feel yourself moving faster!
You feel mighty! The culicivora completely misses you.
The culicivora bites you.
* * * LOW HITPOINT WARNING * * *
The culicivora draws strength from your injuries!
You miss the culicivora.
The culicivora is heavily wounded.
The culicivora bites you but does no damage.
You miss the culicivora.
The culicivora is heavily wounded.
The culicivora bites you!
* * * LOW HITPOINT WARNING * * *
The culicivora draws strength from your injuries!
You miss the culicivora.
Your tail-slap misses the culicivora.
The culicivora is moderately wounded.
The culicivora bites you but does no damage.
You closely miss the culicivora.
Your tail-slap misses the culicivora.
You punch the culicivora.
The culicivora is moderately wounded.
The culicivora bites you!
You die...

### ## ##.######
.####.##.##.###########
................@(....#
.................s.....#
.....................###
...................(..#
.......................#
.......................#
.....................#.#
....................#.#(
........>)...


You could see a culicivora.

Vanquished Creatures
  Pikel (D:8)
  3 black mambas
  4 cane toads (Lair:1)
  A komodo dragon (Lair:2)
  A troll (D:10)
  4 blink frogs (Lair:1)
  A culicivora (Lair:2)
  16 yaks
  2 wyverns
  A basilisk (Lair:2)
  Eustachio (D:4)
  A steam dragon (D:5)
  4 vampire mosquitoes (D:9)
  3 water moccasins
  Duvessa (D:6)
  3 black bears
  An ice beast (D:6)
  4 orc warriors
  A sky beast (D:7)
  3 ogres
  3 centaurs
  2 phantoms
  2 kobold brigands
  4 bullfrogs
  A scorpion (D:4)
  Dowan (D:6)
  A water moccasin skeleton (D:5)
  9 killer bees
  2 centaur zombies
  A jelly (D:7)
  12 orc priests
  4 hounds
  2 iguanas (D:5)
  5 bullfrog skeletons
  A centaur skeleton (D:6)
  6 orc wizards
  A killer bee zombie (D:8)
  A hound skeleton (D:5)
  A howler monkey zombie (D:9)
  3 gnolls (D:3)
  9 adders
  A white imp (D:5)
  An ufetubus (D:6)
  2 worms
  3 dart slugs
  27 orcs
  2 endoplasms (D:1)
  4 giant cockroaches
  A goblin (D:4)
  3 hobgoblins
  4 jackals (D:3)
  12 kobolds
  5 quokkas
  7 ball pythons
  3 bats
  6 frilled lizards
  5 rats
213 creatures vanquished.

Vanquished Creatures (others)
  A hound (D:5)
1 creature vanquished.

Grand Total: 214 creatures vanquished

Notes
Turn   | Place    | Note
-------+----------+-------------------------------------------
     0 | D:1      | dolemite99 the Demonspawn Berserker began the quest for the
                  | Orb.
     0 | D:1      | Reached XP level 1. HP: 18/18 MP: 1/1
   273 | D:1      | Reached skill level 3 in Axes
   562 | D:1      | Gained mutation: You are partially covered in molten
                  | scales. (AC +2) [demonic ancestry]
   562 | D:1      | Reached XP level 2. HP: 24/24 MP: 2/2
  1039 | D:2      | Found a faded altar of an unknown god.
  1048 | D:2      | Identified the +0 pair of gloves of Abstinence {rCorr
                  | Slay+2}
  1375 | D:2      | Gained mutation: You have a small tail. [demonic ancestry]
  1375 | D:2      | Reached XP level 3. HP: 26/29 MP: 3/3
  1959 | D:3      | Reached skill level 4 in Axes
  2137 | D:3      | Reached XP level 4. HP: 26/35 MP: 4/4
  2309 | D:3      | Reached ** piety under Trog
  2527 | D:3      | Found a snail-covered altar of Cheibriados.
  3689 | D:4      | Noticed an ogre
  3695 | D:4      | Killed an ogre
  3696 | D:4      | Gained mutation: You regenerate magic rapidly. [demonic
                  | ancestry]
  3696 | D:4      | Reached XP level 5. HP: 42/42 MP: 5/5
  3751 | D:4      | Noticed a phantom
  3765 | D:4      | Killed a phantom
  3766 | D:4      | Reached skill level 5 in Axes
  3766 | D:4      | Gained mutation: You are mostly covered in molten scales.
                  | (AC +3) [demonic ancestry]
  3766 | D:4      | Reached XP level 6. HP: 38/48 MP: 6/6
  4146 | D:4      | Found Awokkigu's Fire Supplies.
  4306 | D:4      | Noticed Eustachio
  4337 | D:4      | Killed Eustachio
  4338 | D:4      | Gained mutation: When hurt, damage is shared between your
                  | health and your magic reserves. [demonic ancestry]
  4338 | D:4      | Reached XP level 7. HP: 18/55 MP: 7/7
  4625 | D:5      | Entered Level 5 of the Dungeon
  4664 | D:5      | Reached skill level 6 in Axes
  4853 | D:5      | Found Fogiyn's Antique Weapon Shop.
  4858 | D:5      | Bought a war axe for 108 gold pieces
  5063 | D:5      | Noticed a steam dragon
  5077 | D:5      | Killed a steam dragon
  5291 | D:5      | Reached skill level 7 in Axes
  5368 | D:5      | Found Jelahum's Jewellery Boutique.
  5452 | D:5      | Reached XP level 8. HP: 61/61 MP: 8/8
  6106 | D:6      | Noticed Duvessa
  6109 | D:6      | Noticed Dowan
  6117 | D:6      | Killed Duvessa
  6127 | D:6      | Killed Dowan
  6395 | D:6      | Found an ornate altar of the Wu Jian Council.
  6400 | D:6      | Found a basalt altar of Yredelemnul.
  6405 | D:6      | Found a radiant altar of Vehumet.
  6408 | D:6      | Found a bloodstained altar of Trog.
  6419 | D:6      | Found a shimmering altar of Xom.
  6573 | D:6      | Reached skill level 8 in Axes
  6905 | D:6      | Reached skill level 5 in Armour
  7470 | D:7      | Found a staircase to the Ecumenical Temple.
  7586 | D:7      | Found Sapaf's Book Shop.
  7642 | D:7      | Reached skill level 9 in Axes
  7642 | D:7      | Gained mutation: You are completely covered in molten
                  | scales. (AC +4, rF+) [demonic ancestry]
  7642 | D:7      | Reached XP level 9. HP: 63/66 MP: 9/9
  8280 | D:7      | Found a shimmering blue altar of Sif Muna.
  8441 | D:8      | Noticed Pikel
  8472 | D:8      | Killed Pikel
  8473 | D:8      | Reached skill level 10 in Axes
  9871 | D:9      | You fall into a shaft and drop 1 floor!
  9871 | D:10     | Entered Level 10 of the Dungeon
  9871 | D:10     | Found Fedidoag's Weapon Shop.
  9965 | D:10     | Noticed a troll
  9979 | D:10     | Killed a troll
  9980 | D:10     | Reached skill level 11 in Axes
  9980 | D:10     | Reached XP level 10. HP: 63/73 MP: 8/10
 10136 | D:9      | Reached skill level 5 in Fighting
 11258 | D:9      | Reached skill level 12 in Axes
 11292 | D:9      | Found a staircase to the Lair.
 11400 | D:9      | Found a hazy altar of Hepliaklqana.
 11400 | D:9      | Found a burning altar of Makhleb.
 11455 | D:9      | Found a runed translucent door.
 11474 | D:9      | Identified the +7 fustibalus "Fosez" {freeze, Str+4}
 11525 | D:9      | Found a runed translucent door.
 11692 | D:9      | Reached skill level 1 in Slings
 11763 | D:9      | Found the +7 staff of the Meek {protect, meekguard}
 11923 | Lair:1   | Entered Level 1 of the Lair of Beasts
 11960 | Lair:1   | Noticed a cane toad
 11965 | Lair:1   | Noticed a cane toad
 11967 | Lair:1   | Killed a cane toad
 11979 | Lair:1   | Killed a cane toad
 12057 | Lair:1   | Noticed a cane toad
 12063 | Lair:1   | Killed a cane toad
 12121 | Lair:1   | Noticed a black mamba
 12129 | Lair:1   | Killed a black mamba
 12130 | Lair:1   | Gained mutation: When low on magic, you restore magic in
                  | place of health. [demonic ancestry]
 12130 | Lair:1   | Reached XP level 11. HP: 56/83 MP: 8/11
 12329 | Lair:1   | Reached skill level 5 in Slings
 12341 | Lair:1   | Found a sacrificial altar of Ru.
 13611 | Lair:2   | Slain by a culicivora

Illustrated notes

Levels and vault maps discovered:
D:1:      nicolae_arrival_washed_ashore, layout_basic, minmay_misc_feat_five,
          minmay_hexomino_p4
D:2:      layout_basic, shapermc_ecumenical_altar_rom_forum,
          minmay_misc_feat_iff
D:3:      layout_basic, lemuel_tele_altar, grunt_ministairs_13,
          kennysheep_generic_room_9
D:4:      layout_gridville, chequers_avenue, nicolae_shop_fire_sale
          [nicolae_sub_dead_trees], uniq_eustachio
D:5:      layout_gridville, serial_shops, shop, shop, minivault_26,
          dk_noncrumbling_3
D:6:      layout_basic, nicolae_overflow_hallway_of_the_gods, uniq_duvessa
D:7:      layout_gridville, kennysheep_little_box, temple_green, serial_shops,
          shop_fountains
D:8:      layout_basic, uniq_pikel
D:9:      lemuel_insect_pit, layout_irregular_city,
          gammafunk_temple_overflow_elements, david_lair_generic,
          pf_guarded_unrand_meek
D:10:     layout_rooms, nicolae_trove_entry_diagonal, serial_shops,
          nicolae_shop_competitors_out_of_business, minivault_5
Lair:1:   layout_regular_city, basic_altar, hangedman_lair_unloving_vines,
          chequers_serial_rivers_room_a, grunt_megastairs_3
Lair:2:   hellmonk_ruined_rings, layout_gridlike,
          hellmonk_spider_entry_life_and_decay, st_stairs_10, minivault_24,
          uniq_harold, uniq_fannar

Skill      XL: |  1  2  3  4  5  6  7  8  9 10 11 |
---------------+----------------------------------+-----
Axes           | 3 4 5 7 9 11 12 | 12.1
Dodging        | 2 |  2.8
Fighting       | 4 6 7 |  7.2
Armour         | 2 3 5 7 |  7.0
Slings         | 4 7 |  7.6

Action                   |  1- 3 |  4- 6 |  7- 9 | 10-12 || total
-------------------------+-------+-------+-------+-------++-------
Melee: Hand axe          |    74 |    97 |    15 |       ||   186
       Tailslap          |     6 |    11 |    54 |    17 ||    88
       Punch             |       |     3 |     5 |     2 ||    10
       War axe           |       |       |   297 |   120 ||   417
 Fire: Shortbow          |       |       |    52 |       ||    52
       Fustibalus        |       |       |       |   156 ||   156
Throw: Stone             |    20 |    11 |    18 |     9 ||    58
       Dart              |       |       |       |     8 ||     8
Invok: Berserk           |     4 |     5 |     5 |     4 ||    18
       Trog's Hand       |       |     3 |    13 |    10 ||    26
Evoke: Tin of tremorston |       |       |       |     2 ||     2
  Use: Scroll            |     3 |       |    13 |     2 ||    18
       Potion            |       |       |       |     1 ||     1
 Stab: Sleeping          |       |     1 |       |       ||     1
Armor: Animal skin       |    14 |    12 |       |       ||    26
       Chain mail        |       |    45 |    82 |    97 ||   224
       Scale mail        |       |       |   138 |    48 ||   186
Dodge: Dodged            |    36 |    60 |   205 |   108 ||   409
